 Dungeon Crawl Stone Soup version 0.14-a0-1739-g6c2808e (webtiles) character file.

206 Mitsuki the Vexing (level 4, -8/24 HPs)
             Began as a Deep Elf Arcane Marksman on Jan 3, 2014.
             Killed from afar by an orc wizard (9 damage)
             ... with a magic dart
             ... on Level 3 of the Dungeon.
             The game lasted 00:15:58 (2319 turns).

Mitsuki the Vexing (Deep Elf Arcane Marksman)       Turns: 2319, Time: 00:15:58

HP  -8/24        AC  3     Str  8      XL: 4   Next: 50%
MP   4/13        EV 13     Int 18      God:
Gold 104         SH  0     Dex 15      Spells:  3 memorised,  3 levels left

rFire  . . .     SeeInvis .     b - +0 elf bow
rCold  . . .     Clarity  .     a - +0 elf robe
rNeg   . . .     Conserve .     (no shield)
rPois  .         rCorr    .     (no helmet)
rElec  .         rRot     .     (no cloak)
SustAb . .       Spirit   .     j - +0 pair of gloves (curse)
rMut   .         Warding  .     (no boots)
Saprov . . .     Stasis   .     (no amulet)
                                (no ring)
                                (no ring)

@: slightly resistant to hostile enchantments, unstealthy
A: no striking features
a: no special abilities


You were on level 3 of the Dungeon.
You were not hungry.

You visited 1 branch of the dungeon, and saw 3 of its levels.

You collected 104 gold pieces.

Inventory:

Hand weapons
 b - a +0,+0 elven bow (weapon)
Missiles
 c - 19 arrows (quivered)
Armour
 a - a +0 elven robe (worn)
 j - a cursed +0 pair of gloves (worn)
Comestibles
 f - 2 bread rations
 h - 2 meat rations
 p - a rambutan
 q - a sausage
 s - a chunk of rat flesh
Scrolls
 e - a scroll of identify {unknown}
 g - a scroll of curse jewellery {unknown}
 k - a scroll of remove curse {unknown}
 l - a scroll of teleportation
 n - a scroll of recharging {unknown}
 o - a scroll of enchant armour
 r - 2 scrolls of curse armour
Potions
 i - 2 potions of curing
 m - 2 potions of heal wounds {unknown}
 t - a potion of lignification {unknown}
Books
 d - a book of Debilitation

   Spells                             Type                      Level
   *Corona                            Hexes                        1
   *Slow                              Hexes                        2
   *Inner Flame                       Hexes/Fire                   3
   Enslavement                        Hexes                        4
   Cause Fear                         Hexes                        4
   Leda's Liquefaction                Hexes/Earth                  4


   Skills:
 - Level 0.7 Fighting
 + Level 3.5 Bows
 + Level 2.8 Dodging
 + Level 3.4 Spellcasting
 + Level 4.9 Hexes


You had 3 spell levels left.
You knew the following spells:

 Your Spells              Type           Power        Failure   Level  Hunger
a - Corona                Hex            ###....      1%          1    None
b - Inner Flame           Hex/Fire       ##......     21%         3    ###....
c - Slow                  Hex            ###.....     3%          2    ##.....


Dungeon Overview and Level Annotations

Branches:
Dungeon (3/16)

Altars:


Message History

Aim: an orc, wielding an orcish flail and wearing an orcish ring mail You shoot an arrow.
The arrow hits the orc.
You hear some strange, mumbled words.
The puff of flame misses you. The orc barely misses you.
You are too injured to fight recklessly!
Firing (i - inventory):
c - 21 arrows (quivered)
Press: ? - help, Shift-Dir - straight line, f/p - orc
Aim: an orc, wielding an orcish flail and wearing an orcish ring mail You shoot an arrow.
The arrow hits the orc.
The orc is moderately wounded.
It hits you.
* * * LOW HITPOINT WARNING * * *
Firing (i - inventory):
c - 20 arrows (quivered)
Press: ? - help, Shift-Dir - straight line, f/p - orc
Aim: an orc, wielding an orcish flail and wearing an orcish ring mail (moderately wounded)
You shoot an arrow. The arrow hits the orc.
You kill the orc!
You hear some strange, mumbled words.
The magic dart hits you!
You die...

#..............#
#...###........#
##.## #...######
#.# ##### #.#
#.# ####.####
#(...)(.#
#.##@##.#
.......(.%(..#
..#..##.##(().?
.... ... ####
... #.# . #.#
.?# ###


There were no monsters in sight!

Vanquished Creatures
  3 adders (D:2)
  A worm (D:2)
  2 giant geckos
  3 orcs (D:3)
  A ball python (D:3)
  12 bats
  2 giant cockroaches
  15 hobgoblins
  3 giant newts (D:1)
  9 goblins
  6 kobolds
  4 rats
61 creatures vanquished.

Notes
Turn   | Place    | Note
--------------------------------------------------------------
     0 | D:1      | Mitsuki, the Deep Elf Arcane Marksman, began the quest for the Orb.
     0 | D:1      | Reached XP level 1. HP: 11/11 MP: 3/3
   481 | D:1      | Reached XP level 2. HP: 16/16 MP: 3/5
  1069 | D:1      | Reached XP level 3. HP: 20/20 MP: 7/9
  1537 | D:2      | Reached XP level 4. HP: 20/24 MP: 11/13
  1813 | D:2      | Learned a level 3 spell: Inner Flame
  1816 | D:2      | Learned a level 2 spell: Slow
  2318 | D:3      | HP: 1/24 [something (1)]
  2319 | D:3      | Killed from afar by an orc wizard

Action                   |  1- 3 |  4- 6 || total
-------------------------+-------+-------++-------
Melee: Unarmed           |     2 |       ||     2
 Fire: Bow               |   138 |    73 ||   211
 Cast: Corona            |    35 |    10 ||    45
       Slow              |       |     9 ||     9
       Inner Flame       |       |     4 ||     4
  Use: Potion            |     1 |       ||     1
       Scroll            |       |     7 ||     7
